 Dungeon Crawl Stone Soup version 0.31.0-12-g77e489cdc1 (webtiles) character file.

Game seed: 15029871150910008496

23424 CrypticCrinoid the Severer (level 12, -11/112 HPs)
             Began as a Minotaur Berserker on Feb 16, 2024.
             Was a High Priest of Trog.
             Mangled by an ice devil (22 damage)
             ... in an ice cave on Feb 17, 2024.
             The game lasted 00:30:26 (12750 turns).

CrypticCrinoid the Severer (Minotaur Berserker)    Turns: 12750, Time: 00:30:27

Health: -11/112    AC: 20    Str: 27    XL:     12   Next: 71%
Magic:  11/11      EV:  9    Int:  4    God:    Trog [*****.]
Gold:   567        SH:  7    Dex: 10    Spells: 11/11 levels left

rFire   . . .        e - +0 broad axe
rCold   . . .        G - +2 buckler {rPois}
rNeg    . . .        D - +0 plate armour
rPois   +            N - +1 hat {SInv}
rElec   .            f - scarf {repulsion}
rCorr   +            (no gloves)
SInv    +            s - +2 pair of boots
Will    .....        (no amulet) Stlth
                     i - ring of resist corrosion
HPRegen 0.38/turn    (no ring)
MPRegen 0.12/turn

%: repel missiles
@: on berserk cooldown, slowed, very slow
A: horns 2, retaliatory headbutt
a: Renounce Religion, Berserk, Trog's Hand, Brothers in Arms


You were in an ice cave.
You worshipped Trog.
Trog was extremely pleased with you.
You visited 1 branch of the dungeon, and saw 12 of its levels.
You also visited: Sewer, Bailey and Ice Cave.

You collected 737 gold pieces.
You spent 170 gold pieces at shops.

Inventory:

Hand Weapons
 e - a +0 broad axe (weapon)
 I - a +4 war axe
Armour
 f - a scarf of repulsion (worn)
 h - the scarf of Coaniefo {rC+ rF+, +Blink rElec Will-}
   (You found it on level 2 of the Dungeon)

   rElec:     It insulates you from electricity.
   Will-:     It decreases your willpower.
   +Blink:    It lets you blink.
 s - a +2 pair of boots (worn)
 D - a +0 plate armour (worn)
 G - a +2 buckler of poison resistance (worn)
 N - a +1 hat of see invisible (worn)
Jewellery
 i - a ring of resist corrosion (left hand)
 H - a ring of fire
 L - a ring of magical power
Wands
 v - a wand of paralysis (11)
 E - a wand of flame (37)
Scrolls
 b - 5 scrolls of fog
 c - a scroll of butterflies
 d - 6 scrolls of vulnerability
 l - 2 scrolls of enchant armour
 m - a scroll of enchant weapon
 q - a scroll of torment {unknown}
 r - 4 scrolls of identify
 t - 9 scrolls of teleportation
 u - 4 scrolls of blinking
 w - a scroll of noise
 J - a scroll of immolation {unknown}
 M - a scroll of silence {unknown}
 O - a scroll of poison {unknown}
 P - a scroll of amnesia {unknown}
Potions
 a - a potion of enlightenment {unknown}
 g - 2 potions of attraction {unknown}
 j - 2 potions of degeneration
 k - 2 potions of mutation {unknown}
 n - 3 potions of resistance {unknown}
 o - 2 potions of haste {unknown}
 p - a potion of berserk rage {unknown}
 x - a potion of invisibility {unknown}
 y - 4 potions of brilliance {unknown}
 z - 2 potions of heal wounds {unknown}
 A - 6 potions of curing
 B - 2 potions of cancellation {unknown}
 C - 2 potions of magic {unknown}
 F - 2 potions of might {unknown}


   Skills:
 * Level 12.0 Fighting
 * Level 17.3 Axes
 * Level 12.8 Armour
 + Level 6.0 Dodging
 * Level 6.3 Shields


You had 11 spell levels left.
You didn't know any spells.
Your spell library was empty.

Dungeon Overview and Level Annotations

Branches:
Dungeon (12/15)            Temple (0/1) D:4            Lair (0/5) D:9
  Sewer (visited)          Bailey (visited)           IceCv (1/1)
    Orc: D:9-12

Altars:
Cheibriados
Hepliaklqana
Xom
Yredelemnul

Shops:
D:4 (   D:8 **   D:10 [   D:11 !


Innate Abilities, Weirdness & Mutations

You have a pair of horns on your head.
You reflexively headbutt those who attack you in melee.


Message History

There is an ice choked empty arch of ancient stone here.
You hit the ufetubus but do no damage. You headbutt the ufetubus.
The ufetubus is severely wounded.
The ufetubus hits you but does no damage.
The ufetubus hits you.
* * * LOW HITPOINT WARNING * * *
You block the ufetubus's attack. The ufetubus closely misses you.
You slash the ufetubus!
You kill the ufetubus!
Trog accepts your kill.
An ice devil comes into view.
An elephant simulacrum comes into view.
You feel better.
A death yak simulacrum comes into view.
You slash the naga simulacrum!
The naga simulacrum vaporises!
Trog accepts your kill. Trog grants you a weapon!
Something appears at your feet!
You see here the +6 lajatang "Fuemamifo" {heavy, rElec}.
Okay, then.
The ice devil hits you!
* * * LOW HITPOINT WARNING * * *
The ice devil freezes you!
* * * LOW HITPOINT WARNING * * *
You block the ice devil's attack.
You slice the ice devil!!
The ice devil is heavily wounded.
The ice devil hits you but does no damage.
You hit the ice devil but do no damage.
The ice devil is heavily wounded.
You hit the death yak simulacrum.
The death yak simulacrum gores you but does no damage.
The ice devil barely misses you. You furiously retaliate!
You headbutt the ice devil, but do no damage.
You barely miss the ice devil.
The ice devil is heavily wounded.
You slash the death yak simulacrum! The ice devil hits you.
* * * LOW HITPOINT WARNING * * *
The ice devil freezes you!!
You die...

#####
##...##
##.....##
#...∩...#
#..)∩...#
##.....##
##@..##
#4Z.#
...##
#...#
##...
#...#
.....
......


You could see an ice devil and a death yak simulacrum.

Vanquished Creatures
  Gastronok (D:11)
  2 vault guards (Bailey)
  2 boulder beetles (D:11)
  Erica (D:10)
  A centaur warrior (D:11)
  A death knight (D:11)
  8 two-headed ogres
  A deep elf pyromancer (D:12)
  An ugly thing (D:11)
  2 manticores
  2 cyclopes (D:11)
  2 kobold demonologists (D:9)
  2 ice devils (D:12)
  A troll (D:11)
  Prince Ribbit (Bailey)
  A vampire (D:10)
  2 wraiths
  2 shadows
  20 yaks
  A wyvern (D:7)
  8 humans (Bailey)
  2 steam dragons
  10 vampire mosquitoes
  2 orc warriors
  Duvessa (D:7)
  2 black bears
  2 sky beasts (D:7)
  A laughing skull (D:11)
  3 centaurs
  An ogre (D:5)
  2 kobold brigands
  6 bullfrogs
  A scorpion (D:5)
  5 wights (D:9)
  Dowan (D:7)
  5 killer bees (D:7)
  4 gnoll boudas
  2 hounds
  2 bombardier beetles
  5 orc priests
  Jessica (D:3)
  5 iguanas
  13 orc wizards
  20 gnolls
  11 adders
  A naga simulacrum (IceCv)
  A river rat (D:4)
  A shadow imp (D:6)
  2 white imps
  3 ufetubi
  2 ribbon worms
  10 dart slugs
  31 orcs
  16 endoplasms
  9 giant cockroaches
  5 goblins
  9 hobgoblins
  3 jackals (D:3)
  16 kobolds
  3 quokkas
  12 ball pythons
  8 bats
  12 frilled lizards
  6 rats
319 creatures vanquished.

Notes
Turn   | Place    | Note
-------+----------+-------------------------------------------
     0 | D:1      | CrypticCrinoid the Minotaur Berserker began the quest for
                  | the Orb.
     0 | D:1      | Reached XP level 1. HP: 19/19 MP: 0/0
    57 | D:1      | Reached XP level 2. HP: 5/27 MP: 1/1
    67 | D:1      | Reached skill level 4 in Axes
   562 | D:1      | Reached XP level 3. HP: 31/34 MP: 2/2
   683 | D:1      | Reached ** piety under Trog
  1085 | D:2      | Identified the +8 whip of Jonwegig {heavy, Fly}
  1086 | D:2      | Identified the scarf of Coaniefo {rC+ rF+, +Blink rElec
                  | Will-}
  1177 | D:2      | Reached XP level 4. HP: 32/41 MP: 3/3
  1555 | D:2      | Found a faded altar of an unknown god.
  1797 | D:3      | Found a hazy altar of Hepliaklqana.
  1869 | D:3      | Reached *** piety under Trog
  1870 | D:3      | Reached skill level 5 in Axes
  1870 | D:3      | Reached XP level 5. HP: 47/47 MP: 4/4
  1988 | D:3      | Reached skill level 5 in Fighting
  2103 | D:3      | Noticed Jessica
  2107 | D:3      | Killed Jessica
  3186 | D:4      | Found a staircase to the Ecumenical Temple.
  3274 | D:4      | Found a glowing drain.
  3278 | Sewer    | Entered a sewer
  3282 | Sewer    | Reached XP level 6. HP: 56/56 MP: 5/5
  3358 | Sewer    | Reached **** piety under Trog
  3377 | Sewer    | Reached skill level 6 in Axes
  3800 | D:4      | Found Wyzuqoif's Antique Weapon Boutique.
  4040 | D:5      | Entered Level 5 of the Dungeon
  4055 | D:5      | Reached XP level 7. HP: 44/61 MP: 6/6
  4146 | D:5      | Reached skill level 7 in Axes
  4152 | D:5      | Found a shimmering altar of Xom.
  4196 | D:5      | Reached skill level 5 in Armour
  4734 | D:6      | Found a basalt altar of Yredelemnul.
  4905 | D:6      | Reached skill level 8 in Axes
  5114 | D:6      | Reached XP level 8. HP: 17/70 MP: 7/7
  5117 | D:6      | Reached ***** piety under Trog
  5672 | D:7      | Found a flagged portal.
  5672 | D:7      | Noticed Duvessa
  5672 | D:7      | Noticed Dowan
  5680 | D:7      | Killed Duvessa
  5687 | D:7      | Killed Dowan
  5773 | Bailey   | Entered a bailey
  5789 | Bailey   | Reached skill level 9 in Axes
  5795 | Bailey   | Reached skill level 10 in Axes
  5795 | Bailey   | Reached skill level 5 in Dodging
  5795 | Bailey   | Reached XP level 9. HP: 16/79 MP: 8/8
  6205 | Bailey   | Noticed Prince Ribbit
  6205 | Bailey   | Noticed a vault guard
  6216 | Bailey   | Killed Prince Ribbit
  6217 | Bailey   | Killed a vault guard
  6218 | Bailey   | Reached skill level 11 in Axes
  6417 | Bailey   | Noticed a vault guard
  6427 | Bailey   | Killed a vault guard
  6428 | Bailey   | Reached skill level 12 in Axes
  6428 | Bailey   | Reached XP level 10. HP: 69/88 MP: 9/9
  7481 | D:8      | Found Luqerai's Assorted Antiques.
  7486 | D:8      | Bought a large garnet ring for 170 gold pieces
  7655 | D:8      | Found Vupuklus's Lightly-Used Armoury.
  7833 | D:8      | Reached skill level 1 in Shields
  8365 | D:9      | Received a gift from Trog
  8628 | D:9      | Noticed a two-headed ogre
  8638 | D:9      | Killed a two-headed ogre
  8639 | D:9      | Reached skill level 13 in Axes
  8639 | D:9      | Reached skill level 10 in Armour
  9097 | D:9      | Found a staircase to the Lair.
  9212 | D:9      | Reached XP level 11. HP: 30/97 MP: 10/10
  9218 | D:9      | Reached skill level 14 in Axes
  9985 | D:10     | Entered Level 10 of the Dungeon
  9991 | D:10     | Found Cheibriados's Comfort Zone.
  9991 | D:10     | Found a snail-covered altar of Cheibriados.
 10699 | D:10     | Noticed a two-headed ogre
 10710 | D:10     | Killed a two-headed ogre
 10865 | D:10     | Noticed Erica
 10868 | D:10     | Noticed a two-headed ogre
 10876 | D:10     | Killed a two-headed ogre
 10891 | D:10     | HP: 7/148 [something/bolt of poison (5)]
 10892 | D:10     | Killed Erica
 10893 | D:10     | Reached skill level 10 in Fighting
 10893 | D:10     | Reached skill level 15 in Axes
 11275 | D:11     | Noticed Gastronok
 11275 | D:11     | Found Taonkyl's Distillery.
 11276 | D:11     | Noticed a boulder beetle
 11291 | D:11     | Killed Gastronok
 11296 | D:11     | Killed a boulder beetle
 11417 | D:11     | Noticed a centaur warrior
 11424 | D:11     | Killed a centaur warrior
 11487 | D:11     | Noticed a purple ugly thing
 11487 | D:11     | Noticed a two-headed ogre
 11493 | D:11     | Killed a two-headed ogre
 11500 | D:11     | Killed a purple ugly thing
 11501 | D:11     | Reached skill level 5 in Shields
 11625 | D:11     | Noticed a two-headed ogre
 11635 | D:11     | Killed a two-headed ogre
 11636 | D:11     | Reached XP level 12. HP: 66/108 MP: 11/11
 11646 | D:11     | Reached skill level 16 in Axes
 11800 | D:11     | Noticed a death knight
 11806 | D:11     | Noticed a two-headed ogre
 11813 | D:11     | Killed a death knight
 11816 | D:11     | Killed a two-headed ogre
 11828 | D:11     | Noticed a boulder beetle
 11857 | D:11     | Killed a boulder beetle
 12426 | D:11     | Noticed a two-headed ogre
 12426 | D:11     | Noticed a two-headed ogre
 12433 | D:11     | Killed a two-headed ogre
 12437 | D:11     | Killed a two-headed ogre
 12438 | D:11     | Reached skill level 17 in Axes
 12463 | D:12     | Noticed a two-headed ogre
 12712 | D:12     | Found a frozen archway.
 12738 | IceCv    | Entered an ice cave
 12745 | IceCv    | Identified the +6 lajatang "Fuemamifo" {heavy, rElec} (Trog
                  | gifted it to you in an ice cave)
 12745 | IceCv    | Received a gift from Trog
 12750 | IceCv    | Mangled by an ice devil

Illustrated notes

Levels and vault maps discovered:
D:1:      minmay_arrival_pointy, layout_basic
D:2:      layout_loops_ring, hellmonk_ecumenical_altar_run_dry,
          minmay_three_crescents
D:3:      layout_basic, mainiacjoe_overflow_cross_hatched,
          kennysheep_jessica_study
D:4:      layout_basic, lemuel_temple_firewalk_b, gup_sewer_entry_bowl,
          serial_shops, nicolae_shop_hallway_stairs,
          serial_library_hellmonk_room_c
D:5:      layout_cave_pools, mainiacjoe_overflow_small_starburst
D:6:      layout_basic, lemuel_tele_altar, hangedman_abyss_or_decor_stagger,
          hangedman_decor_peaks_small, grunt_decor_one_mirror,
          hangedman_decor_slide_cut
D:7:      layout_basic, enter_bailey_1, uniq_duvessa
D:8:      layout_loops_cross, serial_shops, shop, minmay_shop_damaged
D:9:      layout_roguey, dpeg_oklobed_lair, nicolae_sextant, grunt_ministairs_10
D:10:     layout_irregular_city, minmay_shop_chei, uniq_erica
D:11:     minmay_slanted_spiral_squares, layout_cross, orc_0_dummy,
          serial_shops, nicolae_shop_industrial_runoff,
          hellmonk_guarded_unrand_gyre_and_gimble, uniq_gastronok
D:12:     layout_irregular_city, serial_shops, nicolae_shop_hallway_plus,
          portal_ice_cave_demonic_guard
IceCv:    ice_cave_tombish

Skill      XL: |  1  2  3  4  5  6  7  8  9 10 11 12 |
---------------+-------------------------------------+-----
Axes           | 4 5 6 8 10 12 13 15 17 | 17.3
Fighting       | 4 5 6 7 8 9 10 12 | 12.0
Armour         | 3 4 5 7 9 10 12 | 12.8
Dodging        | 3 4 5 6 |  6.0
Shields        | 3 5 6 |  6.3

Action                     |  1- 3 |  4- 6 |  7- 9 | 10-12 || total
---------------------------+-------+-------+-------+-------++-------
  Melee: Hand axe          |    72 |   196 |       |       ||   268
         Headbutt          |    12 |    32 |    24 |    82 ||   150
         War axe           |       |    13 |   133 |       ||   146
         Broad axe         |       |       |     7 |   408 ||   415
         Punch             |       |       |       |     1 ||     1
 Invoke: Berserk           |       |     1 |     5 |     9 ||    15
    Use: Scroll            |     1 |     1 |     5 |     6 ||    13
         Potion            |       |       |       |     1 ||     1
 Armour: Animal skin       |    29 |       |       |       ||    29
         Leather armour    |    20 |     4 |       |       ||    24
         Scale mail        |       |   130 |       |       ||   130
         Chain mail        |       |     5 |   152 |       ||   157
         Plate armour      |       |       |     3 |   451 ||   454
  Dodge: Dodged            |    60 |   127 |    71 |   177 ||   435
         Repelled          |       |     3 |     1 |     4 ||     8
  Block: Buckler           |       |       |       |   110 ||   110
